AoeStats
← beneath mariana

Pilgrims

507262027Analyzed
4v4 RM · 13d ago on Sep 17, 2026· 32m 1s· 8 players
Game mode
Random Map
Map size
Large (8 player)
Population
200
Speed
Normal
Resources
Standard
Victory
Conquest
Starting age
Dark Age
Ending age
Imperial Age
RankedLock teamsTeams togetherTeam positionsShared explorationLock speedFull tech treeHidden civsTurbo modeCheats
Victory
Defeat
🇨🇳 Khmer · China
1461
+16
🇨🇭 Armenians · Switzerland
1441
+16
🇬🇧 Chinese · United Kingdom
1438
+17
🇨🇳 Persians · China
1402
+17
🇹🇼 Saracens · Taiwan
1466
-17
🇹🇼 Bengalis · Taiwan
1465
-17
🇹🇼 Mongols · Taiwan
1442
-16
🇨🇳 Shu · China
1431
-16
粮粮草征收人
9:53 Loom
11:39 Feudal Age
12:45 Double-Bit Axe
12:47 Fishing Lines
14:53 Town Watch
18:25 Castle Age
17:56 Gold Mining
19:17 Wheelbarrow
18:51 Padded Archer Armor
19:29 Bow Saw
19:05 Crossbowman
21:20 Horse Collar
24:14 Fletching
23:51 Crossbowman
25:46 Bodkin Arrow
26:07 Leather Archer Armor
27:59 Ballistics
虞小梅
8:54 Loom
12:47 Feudal Age
12:59 Man-at-Arms
15:16 Double-Bit Axe
17:46 Castle Age
16:20 Stone Mining
18:11 Wheelbarrow
18:03 Long Swordsman
19:13 Bow Saw
19:49 Medium Warships
21:41 Fletching
31:31 Padded Archer Armor
不疾不徐
4:58 Loom
11:33 Feudal Age
16:46 Castle Age
17:18 Double-Bit Axe
18:50 Bow Saw
18:20 Horse Collar
24:17 Padded Archer Armor
25:13 Scale Barding Armor
30:49 Wheelbarrow
29:59 Town Watch
戒賭胖
7:42 Loom
12:49 Feudal Age
14:38 Town Watch
14:52 Double-Bit Axe
17:16 Castle Age
16:06 Fletching
17:40 Padded Archer Armor
18:13 Bodkin Arrow
18:31 Bow Saw
24:44 Husbandry
27:48 Ballistics
lorddoc
4:47 Loom
10:58 Feudal Age
15:17 Castle Age
13:09 Double-Bit Axe
13:31 Fletching
16:17 Medium Warships
16:21 Bodkin Arrow
16:52 Bow Saw
17:48 Ballistics
19:48 Careening
20:36 Horse Collar
24:01 Fishing Lines
28:31 Imperial Age
26:37 Wheelbarrow
26:43 Scale Mail Armor
26:53 Forging
27:12 Gambesons
26:48 Man-at-Arms
27:29 Squires
27:14 Arson
27:50 Chain Mail Armor
27:34 Long Swordsman
28:40 Two-Handed Swordsman
30:02 Plate Mail Armor
29:40 Pikeman
30:33 Halberdier
ash.burlaczenko
4:09 Loom
13:49 Feudal Age
19:30 Fletching
19:41 Padded Archer Armor
21:02 Forging
28:00 Castle Age
beneath mariana
2:40 Loom
11:52 Feudal Age
15:06 Castle Age
13:03 Fishing Lines
13:15 Horse Collar
13:35 Gold Mining
13:47 Double-Bit Axe
15:37 Gillnets
17:29 Bow Saw
17:41 Town Watch
18:38 Bloodlines
18:29 Husbandry
21:03 Wheelbarrow
21:02 Scale Barding Armor
21:08 Forging
21:37 Gold Shaft Mining
24:44 Imperial Age
22:33 Hand Cart
24:46 Chain Barding Armor
25:02 Iron Casting
26:21 Plate Barding Armor
26:01 Cavalier
28:13 Iron Casting
hoot
5:31 Loom
13:04 Feudal Age
15:16 Double-Bit Axe
15:13 Fishing Lines
17:39 Castle Age
16:37 Gold Mining
18:24 Medium Warships
18:05 Gillnets
18:26 Bow Saw
17:57 Horse Collar
19:15 Gold Shaft Mining
21:15 Wheelbarrow
21:27 Stone Mining
26:02 Imperial Age
23:51 Heavy Plow
23:59 Scale Barding Armor
24:48 Forging
25:01 Chain Barding Armor
25:47 Bloodlines
25:38 Husbandry
25:30 Fletching
25:42 Padded Archer Armor
26:02 Hand Cart
25:32 Town Watch
25:30 Light Cavalry
27:03 Iron Casting
25:50 Cavalier
28:40 Plate Barding Armor
29:57 Blast Furnace
29:55 Hussar
31:26 Bodkin Arrow
32:07 Padded Archer Armor
32:16 Thumb Ring
Connection lost

Rejoining the realm…

Still unreachable

The connection could not be restored.

Session expired

The server has moved on; the page needs a fresh start.